AoeStats
← AgentMars

Arena

509413089Analyzed
3v3 RM · 5d ago on Sep 26, 2026· 38m 43s· 6 players
Game mode
Random Map
Map size
Normal (6 player)
Population
200
Speed
Normal
Resources
Standard
Victory
Conquest
Starting age
Dark Age
Ending age
Imperial Age
RankedLock teamsTeams togetherTeam positionsShared explorationLock speedFull tech treeHidden civsTurbo modeCheats
Victory
Defeat
🇺🇸 Danes · United States
1198
+14
🇨🇴 Sicilians · Colombia
1174
+15
🇲🇽 Chinese · Mexico
1162
+16
🇹🇼 Varangians · Taiwan
1159
-15
🇹🇼 Cumans · Taiwan
1159
-15
🇹🇼 Goths · Taiwan
1157
-15
SanjiJose
0:45 Loom
9:38 Feudal Age
16:44 Castle Age
15:17 Double-Bit Axe
15:41 Horse Collar
18:27 Wheelbarrow
18:19 Bow Saw
18:13 Heavy Plow
27:43 Fletching
27:54 Padded Archer Armor
27:54 Arson
28:10 Squires
28:19 Crossbowman
34:09 Imperial Age
32:14 Thumb Ring
33:00 Bodkin Arrow
33:20 Leather Archer Armor
33:24 Hand Cart
32:52 Pikeman
34:03 Forging
33:53 Scale Mail Armor
34:14 Capped Ram
34:22 Capped Ram
36:53 Chemistry
36:26 Bracer
36:27 Siege Ram
37:43 Conscription
38:11 Ballistics
37:14 Heavy Rocket Cart
37:23 Heavy Scorpion
treetoptony
10:27 Feudal Age
14:35 Castle Age
12:46 Double-Bit Axe
13:10 Scale Mail Armor
13:16 Horse Collar
15:14 Wheelbarrow
23:06 Forging
23:13 Town Watch
23:14 Loom
26:13 Chain Mail Armor
28:05 Iron Casting
28:09 Arson
28:25 Squires
28:10 Gambesons
30:19 Hand Cart
30:10 Heavy Plow
31:25 Town Patrol
34:52 Imperial Age
33:11 Sanctity
32:54 Gold Mining
34:35 Stone Mining
35:20 Gold Shaft Mining
34:20 Hamask
36:02 Conscription
36:19 Hoardings
36:11 Elite Jomsviking
micoelchico
9:27 Feudal Age
9:53 Double-Bit Axe
12:27 Fletching
14:10 Horse Collar
23:41 Castle Age
23:57 Loom
25:16 Bodkin Arrow
29:40 Imperial Age
27:33 Bow Saw
28:21 Heavy Plow
28:24 Gold Mining
30:04 Stone Mining
30:44 Scale Mail Armor
30:55 Forging
30:46 Bracer
30:23 Capped Ram
33:20 Elite Serjeant
34:26 Chain Mail Armor
36:12 Plate Mail Armor
37:58 Gambesons
38:14 Squires
38:02 Arson
39:10 Masonry
Liu
5:02 Loom
9:12 Feudal Age
9:55 Double-Bit Axe
15:46 Horse Collar
23:21 Castle Age
22:56 Gold Mining
23:47 Wheelbarrow
23:55 Fletching
24:05 Padded Archer Armor
25:09 Bow Saw
30:34 Hand Cart
30:04 Town Watch
31:55 Bodkin Arrow
32:44 Heavy Plow
34:07 Ballistics
37:54 Imperial Age
36:24 Thumb Ring
38:57 Leather Archer Armor
38:48 Scale Barding Armor
38:53 Forging
AgentMars
9:49 Feudal Age
10:28 Double-Bit Axe
10:23 Man-at-Arms
18:32 Scale Mail Armor
22:28 Castle Age
21:00 Loom
27:17 Horse Collar
30:34 Fletching
30:44 Padded Archer Armor
31:00 Elite Skirmisher
31:52 Gold Mining
33:29 Bow Saw
36:27 Imperial Age
35:59 Wheelbarrow
38:12 Chemistry
loveerika1986
9:10 Feudal Age
11:22 Loom
13:43 Castle Age
12:48 Double-Bit Axe
23:09 Scale Barding Armor
24:09 Bloodlines
26:03 Horse Collar
27:14 Bow Saw
27:31 Forging
35:27 Imperial Age
38:46 Fletching
38:58 Padded Archer Armor
Connection lost

Rejoining the realm…

Still unreachable

The connection could not be restored.

Session expired

The server has moved on; the page needs a fresh start.